 Dungeon Crawl Stone Soup version 0.28.0 (webtiles) character file.

Game seed: 1370830656098272478

158 Host24 the Bolt Thrower (level 5, -1/32 HPs)
             Began as a Kobold Hunter on Feb 20, 2022.
             Slain by an adder (2 damage)
             ... on level 4 of the Dungeon.
             The game lasted 00:05:38 (4106 turns).

Host24 the Bolt Thrower (Kobold Hunter)             Turns: 4106, Time: 00:05:38

Health: -1/32      AC:  3    Str: 12    XL:     5   Next: 67%
Magic:  5/5        EV: 14    Int: 12    God:
Gold:   92         SH:  0    Dex: 15    Spells: 4/4 levels left

rFire   . . .      SeeInvis .   a - +1 hand crossbow
rCold   . . .      Faith    .   (no shield)
rNeg    . . .      Spirit   .   c - +0 leather armour
rPois   .          Reflect  .   (no helmet)
rElec   .          Harm     .   (no cloak)
rCorr   .          Rampage  .   (no gloves)
Will    .....                   (no boots)
Stlth   +++.......              (no amulet)
HPRegen 0.10/turn               (no ring)
MPRegen 0.09/turn               (no ring)

@: lethally poisoned (-1 -> -2)
A: small, no large weapons, nightstalker 3
a: no special abilities


You were on level 4 of the Dungeon.
You visited 1 branch of the dungeon, and saw 4 of its levels.

You collected 92 gold pieces.

Inventory:

Hand Weapons
 a - a +1 hand crossbow (weapon)
 b - a +0 short sword
 t - a +0 arbalest
Missiles
 d - 14 bolts (quivered ammo)
 k - 122 stones
 q - 30 arrows
 r - 13 poisoned darts
Armour
 c - a +0 leather armour (worn)
Scrolls
 e - 2 scrolls of enchant armour {unknown}
 g - 2 scrolls of identify {unknown}
 i - 3 scrolls of fear {unknown}
 l - 2 scrolls of magic mapping {unknown}
 n - 2 scrolls of teleportation {unknown}
 o - a scroll of noise {unknown}
 w - a scroll of vulnerability {unknown}
Potions
 h - a potion of flight {unknown}
 j - 4 potions of curing {unknown}
 m - a potion of ambrosia {unknown}
 p - a potion of attraction {unknown}
 s - a potion of mutation {unknown}
 u - a potion of cancellation {unknown}
 v - 2 potions of might {unknown}


   Skills:
 - Level 3.0 Fighting
 + Level 7.2 Crossbows
 - Level 3.0 Dodging
 - Level 1.3 Stealth


You had 4 spell levels left.
You didn't know any spells.
Your spell library was empty.

Dungeon Overview and Level Annotations

Branches:
Dungeon (4/15)
 Temple: D:4-7

Altars:

Annotations:
D:4 Sigmund


Innate Abilities, Weirdness & Mutations

You are small and have problems with some larger weapons.
You are completely attuned to the shadows.


Message History

You see here a howler monkey corpse.
l - 2 scrolls labelled ZYSYH BAZYONK (gained 1)
i - 3 scrolls labelled CERIWI UKHLON (gained 1)
You now have 92 gold pieces (gained 8).
You see here a +0 mace.
An adder comes into view.
Okay, then.
The adder hisses angrily.
The adder bites you. x2
You hit the adder but do no damage. The adder bites you.
You hit the adder.
The adder is moderately wounded.
The adder closely misses you. The adder bites you.
You are poisoned.
The adder poisons you!
You closely miss the adder.
The adder is moderately wounded.
You feel sick. The adder misses you.
You hit the adder but do no damage.
The adder is moderately wounded.
You feel sick. The adder barely misses you.
You hit the adder.
The adder is moderately wounded.
You feel sick. The adder misses you. The adder bites you.
* * * LOW HITPOINT WARNING * * *
You barely miss the adder.
The adder is moderately wounded.
You feel sick. The adder bites you but does no damage.
a - a +1 hand crossbow (weapon)
The adder bites you.
* * * LOW HITPOINT WARNING * * *
Fire: 15 bolts
Press: ? - help, Q - select action, (/) - cycle Shift-Dir - straight line, f - adder
Aim: an adder (moderately wounded, 52% to hit)
You shoot a bolt. The bolt barely misses the adder.
* * * LOW HITPOINT WARNING * * *
You feel sick. The adder bites you.
* * * LOW HITPOINT WARNING * * *
The adder bites you.
You die...

#.....# #...# #... ###..## #...#
#... #..# #...# #... #.{# #...#
#########.. #[.#
#....(###.#####....>...#. #..##
#....)..(...#...######.## ###...#
#.....##.##...### #..# #...#.#
#...#.##S.......# ##.# ...##.###
.#..#@######.# #.# #..##...#
#......# #.# #.#
#..####.####.##.#..####.## #.#
....##...... #.##.#.....# #.#
....#...#### #.##.#..##.# #..
......#.# #.##....##.######.#
....###########.^)....##..#.....#
..J.#≈≈≈≈#........###.#.....###.#
....'.♣.≈########.##....#.##.....


You could see an adder.

Vanquished Creatures
  A howler monkey (D:4)
  A hound skeleton (D:4)
  5 adders
  3 worms
  An orc (D:3)
  3 endoplasms
  4 giant cockroaches
  2 goblins
  6 hobgoblins
  4 quokkas
  8 ball pythons
  4 bats
  4 frilled lizards
  3 kobolds
  7 rats
56 creatures vanquished.

Notes
Turn   | Place    | Note
-------+----------+-------------------------------------------
     0 | D:1      | Host24 the Kobold Hunter began the quest for the Orb.
     0 | D:1      | Reached XP level 1. HP: 12/12 MP: 1/1
    38 | D:1      | Reached skill level 5 in Crossbows
   190 | D:1      | Reached XP level 2. HP: 18/18 MP: 2/2
  1153 | D:1      | Reached XP level 3. HP: 22/23 MP: 3/3
  1884 | D:2      | Found a faded altar of an unknown god.
  2011 | D:2      | Reached XP level 4. HP: 25/28 MP: 4/4
  2475 | D:3      | Reached skill level 6 in Crossbows
  3261 | D:4      | Reached XP level 5. HP: 25/32 MP: 5/5
  3724 | D:4      | Noticed Sigmund
  4025 | D:4      | Noticed an acid dragon
  4049 | D:4      | Reached skill level 7 in Crossbows
  4106 | D:4      | HP: 1/32 [adder (1)]
  4106 | D:4      | Slain by an adder

Illustrated notes

Levels and vault maps discovered:
D:1:      minmay_arrival_up_and_down, layout_basic
D:2:      layout_rooms, nicolae_ecumenical_oubliette, kennysheep_generic_room_16
D:3:      layout_basic
D:4:      layout_rooms, kennysheep_generic_room_14, uniq_sigmund

Skill      XL: |  1  2  3  4  5 |
---------------+----------------+-----
Crossbows      | 5 6 7 |  7.2
Fighting       | 3 |  3.0
Dodging        | 3 |  3.0
Stealth        | |  1.3

Action                   |  1- 3 |  4- 6 || total
-------------------------+-------+-------++-------
Melee: Short sword       |   106 |   115 ||   221
 Fire: Hand crossbow     |    16 |    20 ||    36
  Use: Potion            |       |     1 ||     1
 Stab: Sleeping          |    11 |     4 ||    15
Armor: Leather armour    |    17 |    32 ||    49
Dodge: Dodged            |    70 |    99 ||   169
